Map: [ESL] Oceanborn

Players

Krystianer

  • Race: Protoss Protoss
  • Spawn Location: 11:00

ShoWTimE - Winner!

  • Race: Protoss Protoss
  • Spawn Location: 5:00

Event: ESL SC2 Masters 2024 Spring (Regional)

VOD

Have the link to the VOD?

Description

Time

  • Played on: April 13, 2024, 9:58 a.m.
  • Length: 13:23

All games in this series

Show
View Real Time Build Order
Export as new Build Order

Krystianer Protoss 

Build Orders: Oracle Opening 

Get SALT Encoding   

  12  0:00  Probe  
  13  0:12  Probe  
  14  0:16  Pylon  
  14  0:24  Probe (Chrono Boost)  
  16  0:36  Probe (Chrono Boost)  
  16  0:37  Gateway  
  16  0:41  Probe (Chrono Boost)  
  16  0:45  Assimilator  
  17  0:52  Probe (Chrono Boost)  
  17  0:53  Assimilator  
  19  1:04  Probe (Chrono Boost)  
  19  1:05  Gateway  
  19  1:13  Probe (Chrono Boost)  
  19  1:18  Probe  
  20  1:23  Cybernetics Core  
  21  1:30  Probe  
  21  1:31  Pylon  
  22  1:42  Probe  
  23  1:54  Probe  
  23  1:59  Warp Gate, Adept x2  
  28  2:06  Probe  
  29  2:13  Pylon  
  29  2:19  Probe  
  30  2:24  Stargate  
  30  2:26  Shield Battery  
  34  2:42  Stalker x2  
  33  2:56  Shield Battery  
  33  3:05  Nexus  
  33  3:11  Oracle (Chrono Boost)  
  36  3:25  Shield Battery  
  36  3:28  Probe, Robotics Facility  
  37  3:35  Pylon  
  37  3:40  Probe  
  38  3:52  Pylon  
  38  3:54  Pylon  
  38  4:02  Gateway  
  38  4:13  Stalker, Sentry  
  42  4:20  Immortal (Chrono Boost)  
  46  4:28  Pylon  
  46  4:31  Gateway  
  46  4:36  Adept  
  48  4:41  Probe  
  49  4:52  Immortal  
  49  4:56  Shield Battery  
  49  4:59  Sentry  
  51  5:00  Adept  
  53  5:10  Probe  
  54  5:22  Probe  
  54  5:25  Adept x2  
  54  5:27  Phoenix  
  59  5:40  Pylon  
  59  5:41  Probe  
  60  5:43  Warp Prism (Chrono Boost)  
  61  5:56  Probe  
  62  6:01  Sentry  
  62  6:02  Adept x2  
  68  6:08  Pylon  
  68  6:19  Probe  
  69  6:28  Adept x2  
  69  6:29  Adept  
  75  6:38  Pylon  
  75  6:41  Probe  
  76  6:56  Nexus  
  76  6:59  Probe  
  77  7:10  Sentry  
  77  7:12  Probe  
  77  7:13  Pylon  
  80  7:22  Adept x2  
  84  7:36  Pylon, Probe  
  85  7:54  Sentry x3  
  85  7:57  Shield Battery  
  91  8:00  Probe  
  80  8:28  Adept x3  
  80  8:33  Probe  
  77  8:37  Probe  
  71  8:45  Probe  
  64  8:49  Sentry  
  64  8:50  Immortal (Chrono Boost), Adept x2  
  50  9:13  Stalker x2  
  50  9:14  Zealot  
  50  9:17  Assimilator  
  50  9:18  Immortal (Chrono Boost), Assimilator  
  50  9:19  Shield Battery  
  50  9:22  Pylon  
  54  9:35  Stalker  
  54  9:36  Stalker x2  
  60  9:48  Immortal (Chrono Boost)  
  64  10:00  Pylon  
  64  10:09  Stalker x2  
  64  10:13  Pylon  
  68  10:16  Twilight Council  
  66  10:23  Gateway  
  66  10:26  Pylon, Immortal (Chrono Boost)  
  68  10:38  Adept  
  68  10:40  Adept  
  70  10:48  Stalker  
  72  10:51  Blink (Chrono Boost)  
  72  11:00  Stalker x2  
  72  11:03  Immortal (Chrono Boost)  
  80  11:17  Gateway  
  80  11:29  Sentry x3  
  86  11:33  Warp Prism (Chrono Boost)  
  86  11:42  Stalker  
  86  11:43  Pylon  
  88  11:52  Stalker x3  
  94  12:06  Stalker  
  95  12:15  Stalker x3  
  101  12:17  Stalker  
  103  12:40  Stalker x3  
Show
View Real Time Build Order
Export as new Build Order

ShoWTimE Protoss - Winner!

Build Orders:  

Get SALT Encoding   

  12  0:00  Probe  
  13  0:12  Probe  
  14  0:17  Pylon  
  14  0:24  Probe (Chrono Boost)  
  15  0:35  Gateway  
  15  0:36  Probe (Chrono Boost)  
  16  0:44  Probe (Chrono Boost)  
  16  0:45  Assimilator  
  17  0:50  Probe  
  17  0:53  Assimilator  
  18  1:03  Probe (Chrono Boost)  
  19  1:05  Gateway  
  19  1:13  Probe (Chrono Boost)  
  19  1:17  Probe (Chrono Boost)  
  20  1:23  Cybernetics Core  
  21  1:29  Probe  
  21  1:32  Pylon  
  22  1:41  Probe  
  23  2:00  Stalker, Warp Gate, Adept  
  27  2:05  Robotics Facility  
  27  2:11  Pylon  
  27  2:30  Stalker x2  
  30  2:50  Immortal (Chrono Boost)  
  34  2:59  Shield Battery  
  34  3:03  Gateway  
  34  3:09  Shield Battery  
  34  3:15  Sentry  
  36  3:20  Warp Prism (Chrono Boost)  
  38  3:31  Pylon  
  38  3:51  Immortal  
  42  4:00  Stalker  
  44  4:04  Sentry  
  44  4:08  Pylon  
  46  4:27  Sentry  
  46  4:30  Observer  
  49  4:34  Probe  
  49  4:35  Pylon  
  50  4:49  Stalker  
  52  4:53  Probe  
  53  5:00  Observer  
  53  5:03  Immortal (Chrono Boost)  
  55  5:09  Stalker  
  56  5:32  Pylon  
  56  5:38  Nexus  
  56  5:44  Probe  
  57  5:53  Pylon  
  57  5:55  Adept  
  59  6:05  Observer  
  59  6:08  Adept x2  
  64  6:12  Probe  
  64  6:18  Phoenix, Shield Battery  
  65  6:24  Probe  
  66  6:37  Probe, Twilight Council  
  67  6:46  Stalker  
  69  6:47  Stalker  
  69  6:53  Probe x2  
  71  7:02  Sentry  
  71  7:05  Probe x2  
  74  7:09  Phoenix  
  74  7:15  Probe x2  
  74  7:17  Blink (Chrono Boost)  
  76  7:23  Probe  
  76  7:24  Probe  
  78  7:31  Probe  
  78  7:32  Probe  
  78  7:36  Pylon  
  81  7:44  Probe (Chrono Boost)  
  81  7:47  Probe (Chrono Boost)  
  81  7:50  Stalker x2  
  84  7:56  Probe (Chrono Boost)  
  86  7:59  Stalker, Probe (Chrono Boost)  
  86  8:00  Probe (Chrono Boost)  
  89  8:14  Pylon  
  89  8:16  Shield Battery  
  89  8:22  Adept x2  
  91  8:29  Adept  
  71  8:43  Adept  
  71  8:46  Stalker  
  54  9:00  Stalker  
  46  9:03  Probe (Chrono Boost)  
  46  9:04  Probe (Chrono Boost)  
  46  9:10  Stalker x2  
  46  9:15  Probe (Chrono Boost)  
  50  9:21  Probe (Chrono Boost)  
  50  9:23  Probe (Chrono Boost)  
  51  9:24  Stalker  
  51  9:28  Probe (Chrono Boost)  
  51  9:29  Probe  
  55  9:34  Stalker x2  
  59  9:40  Probe  
  59  9:41  Probe  
  61  9:50  Stalker  
  61  9:52  Probe  
  64  9:53  Pylon, Probe  
  65  10:04  Probe  
  66  10:11  Stalker x2  
  70  10:21  Nexus  
  70  10:25  Probe  
  70  10:26  Probe  
  70  10:27  Shield Battery  
  72  10:29  Sentry  
  74  10:40  Sentry x2  
  78  10:44  Gateway, Phoenix  
  78  10:47  Charge (Chrono Boost)  
  78  10:48  Probe x2  
  80  11:04  Shield Battery  
  80  11:07  Stalker, Gateway  
  80  11:08  Gateway  
  82  11:16  Stalker x2  
  86  11:29  Phoenix  
  86  11:30  Gateway, Stalker  
  86  11:32  Pylon  
  88  11:41  Zealot x3  
  88  11:44  Assimilator  
  94  11:47  Probe x2  
  94  11:48  Probe  
  97  11:57  Zealot  
  97  12:00  Probe x3  
  102  12:05  Stalker x2  
  106  12:13  Stalker x2  
  110  12:19  Stalker x2  
  110  12:22  Pylon  
  114  12:30  Stalker x2  
  114  12:35  Stalker  
  120  12:41  Sentry  
  120  12:42  Zealot  
  124  12:53  Shield Battery  
  124  12:56  Shield Battery  
  120  13:04  Zealot x4  
  105  13:08  Zealot  
  105  13:09  Zealot  
  83  13:13  Zealot  
Tags
 
Add a new tag
Caveats
  • Supply blocks, unpowered buildings, or Contaminate may cause inaccurate times.
  • Supply counts are checked every 10 seconds.